 Dungeon Crawl Stone Soup version 0.25.1-2-g60ff931df9 (webtiles) character file.

Game seed: 3985410779903792313

48 hawla the Conjurer (level 3, -3/26 HPs)
             Began as a Draconian Conjurer on Nov 17, 2020.
             Slain by Natasha (6 damage)
             ... on level 2 of the Dungeon.
             The game lasted 00:03:55 (1170 turns).

hawla the Conjurer (Draconian Conjurer)             Turns: 1170, Time: 00:03:56

Health: -3/26      AC:  5    Str: 10    XL:     3   Next: 50%
Magic:  0/7        EV: 12    Int: 16    God:
Gold:   79         SH:  0    Dex: 11    Spells: 6/9 levels left

rFire    . . .     SeeInvis .   (no weapon)
rCold    . . .     Gourm    .   (no shield)
rNeg     . . .     Faith    .   (armour unavailable)
rPois    .         Spirit   .   (helmet restricted)
rElec    .         Reflect  .   (no cloak)
rCorr    .         Harm     .   (no gloves)
MR       .....     Rnd*Tele +   (no boots)
Stlth    +.........             (no amulet)
HPRegen  0.08/turn              j - ring of teleportation (curse)
MPRegen  0.10/turn              (no ring)

@: slowed, very slow
A: unfitting armour, hooves 1, low mp 1, cold-blooded, AC +5
a: no special abilities


You were on level 2 of the Dungeon.
You were not hungry.

You visited 1 branch of the dungeon, and saw 2 of its levels.

You collected 79 gold pieces.

Inventory:

Jewellery
 j - a cursed ring of teleportation (left hand)
Potions
 d - a potion of curing
 e - a potion of resistance
Comestibles
 b - 2 rations
 i - a chunk of flesh


   Skills:
 - Level 1.7 Dodging
 - Level 1.7 Stealth
 + Level 3.7 Spellcasting
 - Level 4.0 Conjurations


You had 6 spell levels left.
You knew the following spells:

 Your Spells              Type           Power        Failure   Level  Hunger
a - Magic Dart            Conj           ###.         3%          1    None
b - Searing Ray           Conj           ###...       4%          2    ##.....

Your spell library contained the following spells:

 Spells                   Type           Power        Failure   Level  Hunger
 Dazzling Flash           Conj/Hex       #.....       22%         3    ###....
 Fulminant Prism          Conj/Hex       #.........   58%         4    ####...
 Iskenderun's Mystic Bla  Conj/Tloc      #.......     58%         4    ####...


Dungeon Overview and Level Annotations

Branches:
Dungeon (2/15)

Altars:

Annotations:
D:2 Natasha, Robin


Innate Abilities, Weirdness & Mutations

Your plain brown scales are hard. (AC +5)
You cannot fit into any form of body armour.
You are cold-blooded and may be slowed by cold attacks.
You have large cloven feet.
Your magical capacity is low. (-10% MP)


Message History

The hobgoblins go into a battle-frenzy!
Natasha claws you but does no damage. Robin misses you.
You hear a shout!
You hit Natasha but do no damage. Your kick misses Natasha.
Natasha is moderately wounded.
The goblin no longer looks unusually strong. x2
Natasha closely misses you. Robin closely misses you.
A hobgoblin comes into view. It is wielding a +0 club.
Natasha claws you!
* * * LOW HITPOINT WARNING * * *
Casting: Magic Dart (safe; 3% risk of failure)
Confirm with . or Enter, or press ? or * to list all spells.
Aiming: Magic Dart (safe; 3% risk of failure)
Press: ? - help, Shift-Dir - straight line, f/p - Natasha
Aim: Natasha (moderately wounded)
The magic dart hits Natasha.
Natasha is severely wounded.
The hobgoblin shouts!
Robin closely misses you. Natasha claws you.
You die...

# #. #. #######g####
#.. ....... #.#
#..h# #.# #@# ###.##
#g# ##....######g# #
#..........#g##..###
##....####.ggg......
#.#.## ###g##..###
#.#.# #.# .# #....
#.# # #.... ...


You could see Robin, Natasha, 4 hobgoblins and 3 goblins.

Vanquished Creatures
  Natasha (D:2)
  A dart slug (D:1)
  A bat (D:1)
  4 goblins
  6 hobgoblins
  2 kobolds (D:1)
  A ball python (D:1)
  2 frilled lizards (D:1)
  2 rats (D:1)
20 creatures vanquished.

Vanquished Creatures (others)
  5 toadstools (D:1)
5 creatures vanquished.

Grand Total: 25 creatures vanquished

Notes
Turn   | Place    | Note
-------+----------+-------------------------------------------
     0 | D:1      | hawla the Draconian Conjurer began the quest for the Orb.
     0 | D:1      | Reached XP level 1. HP: 14/14 MP: 3/3
   470 | D:1      | Reached XP level 2. HP: 20/20 MP: 0/5
   474 | D:1      | Learned a level 2 spell: Searing Ray
  1034 | D:2      | Noticed Natasha
  1036 | D:2      | Killed Natasha
  1036 | D:2      | Reached XP level 3. HP: 26/26 MP: 5/8
  1148 | D:2      | Noticed Robin
  1157 | D:2      | Noticed Natasha
  1167 | D:2      | Gained mutation: Your magical capacity is low. (-10% MP)
                  | [potion of mutation]
  1167 | D:2      | Gained mutation: You have large cloven feet. [potion of
                  | mutation]
  1170 | D:2      | Slain by Natasha

Illustrated notes

Levels and vault maps discovered:
D:1:      ldierk_walled_garden, layout_loops_cross, minmay_pentomino_q2
D:2:      layout_loops_ring, trog_hazing_becter, uniq_robin, uniq_natasha

Skill      XL: |  1  2 |
---------------+-------+-----
Spellcasting   | 3 |  3.7
Dodging        | |  1.7
Stealth        | |  1.7
Conjurations   | |  4.0

Action                   || total
-------------------------++-------
Melee: Unarmed           ||    11
 Cast: Magic Dart        ||    27
       Searing Ray       ||     7
  Use: Scroll            ||     5
       Potion            ||     2
  Eat: Chunk             ||     1
Armor: Skin              ||     2
Dodge: Dodged            ||    17
